 Dungeon Crawl Stone Soup version 0.31-a0-986-g5e6e4ef867 (webtiles) character file.

Game seed: 2841815652343539423

898 fleeber the Trooper (level 8, 46/62 HPs)
             Began as a Djinni Conjurer on Nov 22, 2023.
             Was an Initiate of Ashenzari.
             Quit the game on level 6 of the Dungeon.
             The game lasted 00:11:37 (5126 turns).

fleeber the Trooper (Djinni Conjurer)               Turns: 5126, Time: 00:11:37

Health: 46/62      AC: 10    Str: 11    XL:     8   Next: 28%
Gold:   324        EV: 12    Int: 21    God:    Ashenzari [......] SH:  0 Dex: 19

rFire   + + +        q - +1 dagger of Ashenzari's Jealousy {protect, Str+5, Self, Comp} (curse)
rCold   x . .        (no shield)
rNeg    . . .        a - +0 robe
rPois   ∞            (no helmet)
rElec   .            (no cloak)
rCorr   .            o - +0 pair of gloves
SInv    .            (boots unavailable)
Will    .....        (no amulet)
Stlth   ++           g - ring of protection from fire
HPRegen 0.30/turn    n - +6 ring of dexterity
MPRegen 0.00/turn

%: no passive effects
@: under a protective aura, flying
A: sickness immunity, fire resistance 2, cold vulnerability 1, float, innate
caster, HP casting, extra vitality 1
a: Renounce Religion, Curse Item, Shatter the Chains


You were on level 6 of the Dungeon.
You worshipped Ashenzari.
Ashenzari was noncommittal.
You visited 2 branches of the dungeon, and saw 7 of its levels.

You collected 324 gold pieces.

Inventory:

Hand Weapons
 q - the cursed +1 dagger of Ashenzari's Jealousy (weapon) {protect, Str+5, Self, Comp}
   (You found it on level 4 of the Dungeon)

   Str+5:     It affects your strength (+5).
   It has a curse which improves the following skills: Introspection: Fighting
   and Spellcasting.
   Companions: Summonings and Necromancy.
Armour
 a - a +0 robe (worn)
 o - a +0 pair of gloves (worn)
Jewellery
 g - a ring of protection from fire (left hand)
 n - a +6 ring of dexterity (right hand)
Scrolls
 b - 3 scrolls of identify {unknown}
 d - 2 scrolls of enchant armour {unknown}
 e - a scroll of vulnerability {unknown}
 f - a scroll of fear {unknown}
 h - a scroll of blinking {unknown}
 k - 3 scrolls of fog {unknown}
 m - 2 scrolls of noise {unknown}
 u - a scroll of poison {unknown}
 w - a scroll of amnesia {unknown}
 x - 2 scrolls of revelation {unknown}
Potions
 c - 2 potions of heal wounds {unknown}
 i - a potion of ambrosia {unknown}
 j - 2 potions of lignification {unknown}
 l - 2 potions of curing {unknown}
 p - a potion of magic {unknown}
 r - a potion of haste {unknown}
 s - a potion of cancellation {unknown}
 t - a potion of mutation {unknown}
 v - a potion of degeneration {unknown}


   Skills:
 + Level 6.1(6.5) Fighting
 - Level 2.1 Dodging
 - Level 1.5 Stealth
 + Level 5.8(6.2) Spellcasting
 + Level 5.8 Conjurations
 + Level 5.8 Hexes
   Level 0.0 Charms
 + Level 5.8(6.2) Summonings
 + Level 5.8(6.2) Necromancy
 + Level 5.8 Translocations
 + Level 5.8 Transmutations
 + Level 5.8 Fire Magic
 + Level 5.8 Ice Magic
 + Level 5.8 Air Magic
 + Level 5.8 Earth Magic
 + Level 5.8 Poison Magic


You knew the following spells:

 Your Spells              Type           Power      Damage    Failure   Level
a - Magic Dart            Conj           100%       1d8       1%          1
b - Searing Ray           Conj           60%        2d6       1%          2
c - Dazzling Flash        Conj/Hex       60%        N/A       2%          3
d - Fulminant Prism       Conj/Hex       15%        3d10      9%          4
e - Iskenderun's Mystic   Conj/Tloc      30%        2d8       9%          4
f - Ensorcelled Hibernat  Hex/Ice        60%        N/A       1%          2
g - Scorch                Fire           60%        2d7       1%          2
h - Summon Small Mammal   Summ           100%       N/A       1%          1
Your spell library was empty.

Dungeon Overview and Level Annotations

Branches:
Dungeon (6/15)             Temple (1/1) D:4

Altars:
Ashenzari
Cheibriados
Dithmenos
Elyvilon
Fedhas
Gozag
Hepliaklqana
Nemelex Xobeh
Okawaru
Ru
Trog
Uskayaw
Wu Jian
Xom
Yredelemnul
Zin
The Shining One

Annotations:
D:4 exclusion: bullfrog


Innate Abilities, Weirdness & Mutations

You are immune to sickness and miasma.
You are immune to poison.
Your flesh is very heat resistant. (rF++)
You are vulnerable to cold. (rC-)
You float through the air rather than walking.
You learn spells naturally, not from books.
Your magical power is your life essence.
You have superior vitality. (+4 MHP)


Message History

Aiming: Magic Dart (safe; 1% risk of failure)
Press: ? - help, Shift-Dir - straight line, f - orc wizard
Aim: an orc wizard, wielding a +0 dagger and wearing a +0 robe (100% to hit)
The magic dart hits the orc wizard but does no damage.
Aiming: Magic Dart (safe; 1% risk of failure)
Press: ? - help, Shift-Dir - straight line, f/p - orc wizard
Aim: an orc wizard, wielding a +0 dagger and wearing a +0 robe (100% to hit)
The magic dart hits the orc wizard but does no damage.
Aiming: Magic Dart (safe; 1% risk of failure)
Press: ? - help, Shift-Dir - straight line, f/p - orc wizard
Aim: an orc wizard, wielding a +0 dagger and wearing a +0 robe (100% to hit)
The magic dart hits the orc wizard.
The orc wizard is lightly wounded.
Aiming: Magic Dart (safe; 1% risk of failure)
Press: ? - help, Shift-Dir - straight line, f/p - orc wizard
Aim: an orc wizard, wielding a +0 dagger and wearing a +0 robe (lightly wounded, 100% to hit)
The magic dart hits the orc wizard.
The orc wizard is heavily wounded.
The orc wizard mumbles some strange words.
The orc wizard flickers and vanishes!
Deactivating autopickup; reactivate with Ctrl-A.
You can't see any susceptible monsters within range! (Use Z to cast anyway.)
You can't see any susceptible monsters within range! (Use Z to cast anyway.)
You can't see any susceptible monsters within range! (Use Z to cast anyway.)
You can't see any susceptible monsters within range! (Use Z to cast anyway.)
You can't see any susceptible monsters within range! (Use Z to cast anyway.)
Something hits you.
You miss something. Something hits you.
You closely miss something. Something hits you but does no damage.
You hit something.
Your weapon exudes an aura of protection.
You hear some strange, mumbled words.
A puff of flame appears from out of thin air!
The puff of flame hits you but does no damage.
You resist.
You barely miss something. Something hits you.
You hit something but do no damage. Something hits you.
You closely miss something. Something hits you but does no damage.
You miss something. Something hits you but does no damage.
Are you sure you want to abandon this character and quit the game? (Confirm with "yes".)

#.#............#.#
#.#...#...#
##.##############.#
#........[## ##.#
#.####........... ##.#
#........o.(.^.## ##)#
######.........# #
#.......:.# #
#.#.......# #
###########.##.##.....
#
#....@{.....##.###.###
# #.############.# #.#
# # #.# #.# # #.# .# #
#.# ######### #..
.<....... ...
#########


There were no monsters in sight!

Vanquished Creatures
  A sky beast (D:6)
  An ogre (D:4)
  3 scorpions
  3 hounds (D:4)
  A jelly (D:6)
  A gnoll bouda (D:5)
  Jessica (D:3)
  3 iguanas (D:4)
  A sleepcap (D:4)
  An orc wizard (D:4)
  9 gnolls
  4 adders
  A white imp (D:5)
  2 ufetubi (D:5)
  3 worms
  A dart slug (D:2)
  10 orcs
  7 bats
  11 endoplasms
  3 giant cockroaches
  6 goblins
  9 hobgoblins
  6 jackals (D:4)
  A quokka (D:3)
  6 ball pythons
  2 frilled lizards
  2 kobolds
  2 rats (D:2)
101 creatures vanquished.

Notes
Turn   | Place    | Note
-------+----------+-------------------------------------------
     0 | D:1      | fleeber the Djinni Conjurer began the quest for the Orb.
     0 | D:1      | fleeber set off with the following spells memorised: Magic
                  | Dart, Searing Ray, Dazzling Flash, Fulminant Prism,
                  | Iskenderun's Mystic Blast.
     0 | D:1      | Reached XP level 1. HP: 15/15 MP: 0/0
    96 | D:1      | Reached XP level 2. HP: 22/22 MP: 0/0
   158 | D:1      | Reached skill level 1 in Fighting
   752 | D:2      | Reached XP level 3. HP: 27/27 MP: 0/0
   752 | D:2      | Learned a level 1 spell: Summon Small Mammal
   906 | D:2      | Reached skill level 2 in Fighting
   962 | D:2      | Reached XP level 4. HP: 30/33 MP: 0/0
  1507 | D:3      | Noticed Jessica
  1511 | D:3      | Killed Jessica
  1603 | D:3      | Reached XP level 5. HP: 34/39 MP: 0/0
  1603 | D:3      | Learned a level 2 spell: Scorch
  2303 | D:4      | Reached skill level 3 in Fighting
  2303 | D:4      | Identified the +1 dagger of Gehenna {protect, Str+5}
  2353 | D:4      | Noticed a bullfrog
  2699 | D:4      | Reached XP level 6. HP: 41/46 MP: 0/0
  2852 | D:4      | Reached skill level 4 in Fighting
  2907 | D:4      | Found an iron altar of Okawaru.
  3013 | D:4      | Found a staircase to the Ecumenical Temple.
  3013 | D:4      | Noticed an ogre
  3025 | D:4      | Killed an ogre
  3026 | D:4      | Reached XP level 7. HP: 47/53 MP: 0/0
  3026 | D:4      | Learned a level 2 spell: Ensorcelled Hibernation
  3127 | Temple   | Entered the Ecumenical Temple
  3137 | Temple   | Became a worshipper of Ashenzari the Shackled
  3192 | D:4      | Reached skill level 5 in Spellcasting
  3192 | D:4      | Reached skill level 5 in Conjurations
  3192 | D:4      | Reached skill level 5 in Hexes
  3192 | D:4      | Reached skill level 5 in Summonings
  3192 | D:4      | Reached skill level 5 in Necromancy
  3192 | D:4      | Reached skill level 5 in Translocations
  3192 | D:4      | Reached skill level 5 in Transmutations
  3192 | D:4      | Reached skill level 5 in Fire Magic
  3192 | D:4      | Reached skill level 5 in Ice Magic
  3192 | D:4      | Reached skill level 5 in Air Magic
  3192 | D:4      | Reached skill level 5 in Earth Magic
  3192 | D:4      | Reached skill level 5 in Poison Magic
  3398 | D:4      | Reached skill level 5 in Fighting
  3706 | D:5      | Entered Level 5 of the Dungeon
  4192 | D:5      | Reached XP level 8. HP: 14/61 MP: 0/0
  5007 | D:6      | Reached skill level 6 in Fighting
  5126 | D:6      | Quit the game

Illustrated notes

Levels and vault maps discovered:
D:1:      eino_arrival_water_cross, layout_loops_ring
D:2:      layout_loops_ring, minmay_tall_x
D:3:      layout_basic, nicolae_kite_square_tiling_tiny,
          guppyfry_early_lair_pool, uniq_jessica, uniq_crazy_yiuf_cottage
D:4:      minmay_razor_zed, layout_cave_pools, mainiacjoe_overflow_catwalk,
          minmay_temple_entry_enclosed_plants
D:5:      layout_basic
D:6:      layout_loops_ring, minmay_liquid_box
Temple:   mainiacjoe_temple_bowtie_tessellation

Skill      XL: |  1  2  3  4  5  6  7  8 |
---------------+-------------------------+-----
Fighting       | 1 2 3 4 5 6 |  6.1
Spellcasting   | 4 5 |  5.8
Conjurations   | 4 5 |  5.8
Hexes          | 4 5 |  5.8
Summonings     | 4 5 |  5.8
Necromancy     | 4 5 |  5.8
Translocations | 4 5 |  5.8
Transmutations | 4 5 |  5.8
Fire Magic     | 4 5 |  5.8
Ice Magic      | 4 5 |  5.8
Air Magic      | 4 5 |  5.8
Earth Magic    | 4 5 |  5.8
Poison Magic   | 4 5 |  5.8
Dodging        | |  2.1
Stealth        | |  1.5

Action                     |  1- 3 |  4- 6 |  7- 9 || total
---------------------------+-------+-------+-------++-------
  Melee: Dagger            |       |       |     7 ||     7
   Cast: Magic Dart        |    72 |    96 |   111 ||   279
         Searing Ray       |     1 |     6 |     8 ||    15
 Invoke: Curse Item        |       |       |     1 ||     1
 Armour: Robe              |     2 |     9 |    35 ||    46
  Dodge: Dodged            |     1 |     5 |    31 ||    37

Table legend: (Time is in decaauts)
 A = Elapsed time spent in this place.
 B = Non-inter-level travel time spent in this place.
 C = Inter-level travel time spent in this place.
 D = Time resting spent in this place.
 E = Time spent auto-exploring this place.
 F = Levels seen in this place.
 G = Mean time per level.
                   A        B        C        D        E       F      G
               +--------+--------+--------+--------+--------+-----+--------+
         Total |   5124 |   5030 |     94 |    520 |   3868 |   7 |  732.0 |
       Dungeon |   5104 |   5027 |     77 |    520 |   3868 |   6 |  850.7 |
        Temple |     19 |      2 |     17 |      0 |      0 |   1 |   19.0 |
               +--------+--------+--------+--------+--------+-----+--------+

Top non-repeatable levels by time:
     D:4: 1427 daAuts
     D:5: 1271 daAuts
     D:3: 867 daAuts
     D:1: 720 daAuts
     D:2: 669 daAuts
     D:6: 147 daAuts
  Temple: 19 daAuts
